Map: Ruins of Seras

Players

CHICO

  • Race: Zerg Zerg
  • League: Silver

SticklerMac - Winner!

  • Race: Zerg Zerg
  • League: Silver

VOD

Have the link to the VOD?

Description

Time

  • Played on: Sept. 20, 2015, 10:57 a.m.
  • Length: 8:08
Show
View Real Time Build Order
Export as new Build Order

CHICO Zerg 

Build Orders: Pool First, Zergling Baneling 

Get SALT Encoding   

  12  0:01  Drone  
  13  0:10  Drone  
  14  0:20  Overlord  
  14  0:26  Overlord  
  14  0:39  Drone x2  
  16  0:48  Drone  
  17  0:56  Drone  
  17  0:57  Spawning Pool  
  17  1:03  Extractor  
  16  1:05  Drone  
  17  1:17  Drone  
  18  1:29  Drone  
  19  1:37  Drone  
  20  1:43  Queen  
  22  1:49  Zergling x2  
  23  1:54  Hatchery  
  22  2:01  Zergling x2  
  23  2:09  Metabolic Boost  
  23  2:13  Drone  
  24  2:19  Queen  
  24  2:22  Zergling x2  
  27  2:29  Baneling Nest  
  26  2:32  Drone  
  27  2:42  Zergling x2  
  28  2:46  Evolution Chamber  
  27  2:55  Drone, Zergling x4  
  27  2:56  Overlord  
  30  3:08  Drone, Zergling x2  
  32  3:14  Drone  
  33  3:25  Zerg Ground Armor Level 1  
  33  3:32  Drone x3, Zergling x6  
  33  3:33  Drone  
  40  3:39  Zergling x2  
  41  3:42  Zergling x2  
  42  3:51  Drone, Zergling x2  
  44  4:05  Baneling  
  44  4:06  Baneling x3  
  44  4:11  Overlord, Extractor  
  44  4:12  Overlord x2  
  36  4:28  Drone, Zergling x4  
  36  4:29  Drone x3, Zergling x4  
  43  4:38  Lair  
  43  4:40  Drone, Zergling x2  
  43  4:41  Drone, Zergling x2  
  47  4:48  Zergling x2  
  47  4:50  Queen  
  50  4:53  Baneling x2  
  50  4:59  Baneling x2  
  50  5:00  Zergling x4  
  50  5:01  Zergling x2  
  54  5:07  Drone, Zergling x2  
  54  5:08  Zergling x2  
  47  5:29  Baneling  
  47  5:30  Zergling x2, Baneling x3  
  47  5:31  Drone x4, Zergling x8  
  56  5:42  Extractor  
  55  5:43  Extractor  
  55  5:44  Drone, Zergling x4  
  57  5:56  Baneling  
  57  5:57  Baneling x7  
  56  5:58  Drone, Zergling x2  
  51  6:12  Baneling x3  
  51  6:19  Drone x2, Zergling x4  
  51  6:20  Drone x2, Zergling x6  
  57  6:45  Hatchery  
  47  6:57  Drone, Zergling x2  
  47  6:58  Drone x5, Zergling x8  
  55  7:04  Zergling x2  
  54  7:17  Zergling x2  
  54  7:18  Zergling x2  
  54  7:20  Zergling x2  
  56  7:24  Zergling x2  
  52  7:32  Zergling x2  
  48  7:37  Zergling x2  
  48  7:38  Zergling x6  
  36  7:46  Baneling x2  
  36  7:47  Zergling x6  
  36  7:48  Zergling x2  
Show
View Real Time Build Order
Export as new Build Order

SticklerMac Zerg - Winner!

Build Orders: Hatch First, Zergling Baneling 

Get SALT Encoding   

  12  0:01  Drone  
  13  0:08  Drone  
  14  0:17  Overlord  
  14  0:36  Drone x3  
  17  0:56  Hatchery  
  16  1:00  Drone  
  16  1:02  Drone  
  18  1:06  Extractor  
  18  1:08  Drone  
  18  1:19  Drone  
  19  1:33  Drone  
  19  1:37  Spawning Pool  
  19  1:43  Drone  
  20  2:13  Drone  
  20  2:14  Drone x3  
  24  2:25  Spine Crawler  
  24  2:26  Queen x2  
  24  2:27  Drone  
  24  2:28  Overlord  
  28  2:37  Baneling Nest  
  28  2:42  Overlord  
  28  2:44  Drone  
  28  2:52  Drone x3  
  28  2:58  Zergling x2  
  31  3:01  Metabolic Boost  
  31  3:06  Drone  
  31  3:08  Drone  
  33  3:17  Zergling x2  
  33  3:19  Zergling x2  
  35  3:23  Zergling x2  
  36  3:29  Overlord  
  36  3:37  Zergling x6  
  36  3:38  Zergling x4  
  36  3:40  Zergling x6  
  44  3:43  Overlord  
  44  3:51  Overlord x2  
  44  4:01  Baneling  
  44  4:02  Baneling x5  
  43  4:03  Zergling x4  
  44  4:12  Zergling x2  
  44  4:13  Zergling x2  
  40  4:22  Zergling x2  
  40  4:23  Zergling x14  
  44  4:31  Zergling x4  
  45  4:36  Baneling x3  
  45  4:37  Baneling x4  
  45  4:38  Zergling x4  
  45  4:43  Zergling x2  
  48  4:53  Zergling x2  
  48  4:54  Zergling x2  
  48  4:59  Zergling x2  
  51  5:02  Zergling x2  
  52  5:10  Zergling x2  
  52  5:11  Zergling x12  
  52  5:20  Zergling x2  
  48  5:27  Zergling x2  
  45  5:29  Zergling x2, Baneling x2  
  45  5:30  Baneling  
  45  5:31  Baneling  
  46  5:46  Zergling x2  
  46  5:47  Zergling x12  
  46  5:48  Zergling x4  
  55  5:50  Baneling x4  
  51  5:59  Zergling x4  
  53  6:10  Zergling x2  
  53  6:11  Zergling x18  
  54  6:19  Baneling  
  54  6:20  Baneling x2  
  54  6:21  Baneling  
  54  6:23  Zergling x4  
  56  6:30  Zergling x2  
  49  6:40  Zergling x14  
  49  6:41  Zergling x2  
  55  6:51  Zergling x6  
  50  6:59  Zergling x4  
  49  7:14  Zergling x2  
  49  7:15  Zergling x2  
  51  7:19  Zergling x2  
  52  7:24  Zergling x2  
  49  7:37  Zergling x4  
  50  7:44  Baneling x3  
  50  7:50  Baneling x5  
  50  7:51  Zergling x2  
Tags
 
Add a new tag
Caveats
  • Supply blocks, unpowered buildings, or Contaminate may cause inaccurate times.
  • Supply counts are checked every 10 seconds.